Map: Orbital Shipyard

Players

Happy

  • Race: Terran Terran
  • League: Diamond

Bomber - Winner!

  • Race: Terran Terran

Event: DreamHack ROCCAT LotV Championship

VOD

Have the link to the VOD?

Description

Time

  • Played on: Nov. 26, 2015, 12:23 p.m.
  • Length: 24:57

All games in this series

Show
View Real Time Build Order
Export as new Build Order

Happy Terran 

Build Orders: 1/1/1, MMM Bio, Banshee Rush 

Get SALT Encoding   

  12  0:01  SCV  
  13  0:13  SCV  
  14  0:18  Supply Depot  
  14  0:25  SCV  
  15  0:28  Refinery  
  15  0:40  SCV  
  16  0:45  Barracks  
  16  0:52  SCV  
  17  0:57  Refinery  
  17  1:04  SCV  
  18  1:16  SCV  
  19  1:28  SCV  
  19  1:32  Reaper  
  21  1:35  Factory  
  21  1:40  Orbital Command  
  21  1:48  Supply Depot  
  21  2:04  Reaper  
  21  2:05  SCV  
  23  2:17  SCV  
  23  2:20  Hellion  
  23  2:21  Starport  
  26  2:29  SCV  
  27  2:33  Supply Depot  
  27  2:36  Barracks Tech Lab  
  27  2:41  Hellion  
  27  2:42  SCV  
  30  2:54  SCV  
  31  3:00  Supply Depot  
  31  3:04  Banshee, Hellion  
  36  3:08  Cloaking Field  
  36  3:12  SCV  
  37  3:24  SCV  
  33  3:51  Banshee  
  33  3:53  Barracks Reactor  
  36  3:56  Command Center  
  36  3:57  Factory Tech Lab  
  36  3:58  SCV  
  36  4:00  Supply Depot  
  37  4:12  SCV  
  38  4:19  Command Center  
  38  4:28  SCV  
  38  4:29  Marine x2  
  38  4:30  Siege Tank  
  44  4:37  Raven  
  46  4:40  SCV  
  47  4:49  Marine x2  
  44  4:52  SCV  
  40  5:05  SCV  
  33  5:17  SCV, Orbital Command  
  33  5:30  Marine  
  33  5:32  SCV  
  35  5:47  SCV x2  
  37  5:55  Orbital Command  
  37  5:59  SCV  
  37  6:00  SCV  
  37  6:02  Viking  
  41  6:07  Marine x2  
  41  6:11  SCV  
  41  6:14  SCV  
  42  6:20  Siege Tank  
  42  6:21  SCV  
  42  6:23  SCV  
  47  6:33  Barracks  
  47  6:36  Barracks  
  47  6:38  Marine  
  47  6:39  Stimpack  
  48  6:40  SCV  
  48  6:42  SCV  
  48  6:44  SCV  
  51  6:47  Starport Reactor  
  51  6:50  Supply Depot  
  51  6:56  Siege Tank  
  51  6:58  SCV x3  
  57  7:03  Marine  
  57  7:05  Supply Depot  
  58  7:10  SCV x2  
  58  7:15  SCV  
  61  7:16  Barracks  
  61  7:21  Marine  
  62  7:23  Barracks  
  62  7:24  Barracks Reactor  
  62  7:25  Marine  
  62  7:26  Medivac  
  62  7:28  SCV  
  66  7:31  SCV  
  66  7:32  SCV  
  68  7:41  Supply Depot, SCV  
  68  7:43  Orbital Command  
  68  7:44  Marine x2  
  70  7:45  Engineering Bay  
  70  7:51  SCV  
  73  7:53  Refinery  
  73  7:54  Refinery  
  73  7:56  Marine  
  73  7:59  Siege Tank  
  73  8:00  Medivac  
  73  8:01  SCV, Marine  
  73  8:02  Marine  
  73  8:03  Marine  
  82  8:05  Marine  
  82  8:11  SCV x2  
  85  8:14  SCV  
  85  8:17  Supply Depot  
  85  8:21  Marine  
  83  8:33  Marine x2  
  70  8:36  Marine  
  70  8:38  Marine  
  70  8:40  Barracks Reactor x2, Marine  
  70  8:41  Siege Tank, Medivac x2  
  77  8:42  SCV x2  
  77  8:44  SCV  
  78  8:51  Marine x2  
  78  8:54  SCV x2, Sensor Tower, Marine  
  78  8:55  Refinery  
  83  8:56  Marine  
  83  8:58  Marine  
  85  9:03  Combat Shields  
  85  9:04  SCV  
  85  9:05  Terran Infantry Weapons Level 1  
  85  9:06  SCV  
  85  9:09  Marine x2  
  89  9:12  Marine  
  89  9:13  Supply Depot  
  89  9:14  Marine  
  89  9:15  Refinery  
  89  9:16  Marine  
  92  9:19  Marine x2  
  92  9:20  Siege Tank  
  92  9:22  SCV x2  
  92  9:23  SCV  
  100  9:24  Marine x2  
  102  9:34  SCV x2  
  102  9:35  Supply Depot, SCV  
  105  9:39  Marine  
  105  9:40  Marine x6  
  105  9:43  Medivac  
  105  9:44  Marine x2  
  116  9:46  SCV  
  117  9:54  Medivac  
  117  9:55  Siege Tank  
  117  9:56  SCV x2  
  117  9:59  Armory, Marine  
  124  10:00  Engineering Bay  
  124  10:02  Marine x2  
  126  10:12  Supply Depot  
  126  10:13  Marine x3  
  129  10:14  Supply Depot, Medivac  
  129  10:16  Marine x2  
  133  10:21  Missile Turret  
  133  10:23  Missile Turret  
  133  10:24  Supply Depot  
  133  10:27  Terran Infantry Armor Level 1  
  133  10:33  Marine x4  
  136  10:36  Supply Depot  
  136  10:38  Marine  
  136  10:39  Supply Depot  
  136  10:40  Marine x3  
  141  10:54  Factory, Barracks  
  141  10:55  Barracks  
  140  11:00  Siege Tank  
  140  11:01  Medivac, Marine x3  
  148  11:09  Terran Infantry Weapons Level 2  
  148  11:11  Terran Vehicle Weapons Level 1  
  147  11:19  Marine x2  
  147  11:21  Command Center  
  147  11:23  Marine x4  
  147  11:25  Marine  
  154  11:26  Marine x2  
  154  11:37  Marine x2  
  153  11:47  Viking  
  153  11:49  Marine x2  
  153  11:50  Marine  
  158  11:55  Siege Tank, Marine x6  
  158  11:56  Factory Tech Lab  
  158  11:57  Marine x2  
  169  12:07  Marine  
  170  12:09  Marine x2  
  170  12:12  Supply Depot  
  170  12:13  Supply Depot  
  170  12:15  Medivac  
  174  12:18  Missile Turret  
  174  12:20  Supply Depot, Missile Turret, Marine x3  
  176  12:26  Marine x3  
  179  12:30  Terran Infantry Armor Level 2  
  179  12:33  Siege Tank  
  163  12:55  Medivac x2  
  165  12:59  Command Center  
  165  13:03  Siege Tank  
  168  13:11  Marine x2  
  170  13:14  Siege Tank  
  170  13:17  Marine x2  
  174  13:21  Command Center  
  174  13:25  Medivac x2  
  178  13:33  Planetary Fortress, Terran Infantry Weapons Level 3  
  178  13:35  Siege Tank  
  177  13:41  Marine  
  177  13:46  Siege Tank, Marine x3  
  177  13:47  Marine  
  177  13:48  Marine  
  184  13:57  Marine  
  184  14:01  Marine  
  185  14:07  Factory, Siege Tank  
  187  14:19  Siege Tank  
  187  14:22  Terran Vehicle Weapons Level 2  
  189  14:42  Command Center  
  174  14:56  Marine x3  
  174  14:57  Siege Tank  
  174  14:59  Marine  
  152  15:00  Marine x2  
  136  15:15  Marine x2  
  122  15:23  Marine  
  103  15:32  Marine  
  103  15:33  SCV, Marine  
  103  15:34  Planetary Fortress  
  102  15:40  Marine  
  103  15:43  Barracks x3  
  103  15:44  Barracks  
  103  15:45  SCV, Barracks  
  103  15:46  Supply Depot  
  103  15:49  Factory Tech Lab  
  104  15:50  SCV, Marine x2  
  104  15:52  Factory, Starport  
  107  15:57  SCV  
  107  15:58  Marine  
  107  16:02  SCV  
  110  16:08  Marine x2  
  110  16:09  SCV  
  110  16:10  SCV  
  114  16:14  SCV x2  
  114  16:16  Marine  
  117  16:21  SCV  
  117  16:22  SCV, Siege Tank  
  122  16:26  Marine x2  
  122  16:30  Marine x2  
  125  16:33  SCV  
  125  16:34  Marine x2  
  125  16:35  SCV  
  125  16:36  Starport Reactor  
  130  16:40  Marine  
  130  16:43  Barracks Reactor  
  130  16:44  Marine x2  
  132  16:52  Marine x2  
  134  16:54  Siege Tank  
  115  17:02  Marine  
  115  17:04  Marine x3  
  115  17:05  Marine  
  115  17:07  SCV x3  
  122  17:10  Marine x2  
  124  17:19  Marine  
  124  17:21  Marine  
  124  17:22  Marine  
  126  17:25  Viking x2  
  126  17:26  Siege Tank, Marine  
  126  17:27  Marine x3  
  126  17:28  Marine x2  
  126  17:29  Factory Tech Lab  
  140  17:37  Marine  
  140  17:39  Marine  
  140  17:40  Marine  
  140  17:44  Marine  
  142  17:46  Marine x2  
  142  17:47  Marine  
  142  17:51  Siege Tank, Marine x2  
  146  17:55  Marine  
  146  17:57  Marine  
  146  17:58  Marine  
  149  18:01  Marine  
  149  18:02  Medivac x2  
  149  18:04  Marine x2  
  149  18:05  Marine  
  157  18:08  Marine  
  157  18:09  Marine  
  158  18:13  Marine  
  158  18:15  Marine  
  158  18:16  Marine  
  158  18:19  Marine  
  158  18:21  Siege Tank  
  158  18:22  Marine x2  
  158  18:23  Siege Tank  
  158  18:26  Marine x2  
  168  18:30  Marine  
  168  18:31  Marine  
  168  18:33  Marine x2  
  172  18:37  Marine  
  115  18:49  Marine x4  
  116  18:59  Marine  
  116  19:00  Marine  
  118  19:05  Marine  
  118  19:08  Orbital Command  
  119  19:10  Orbital Command  
  119  19:14  Marine  
  92  19:46  Siege Tank  
  88  19:54  Marine x2  
  90  20:00  Marine  
  90  20:05  SCV  
  90  20:10  Marine  
  86  20:25  Marine  
  86  20:26  Marine x5  
  92  20:28  SCV  
  92  20:29  SCV  
  94  20:39  SCV  
  94  20:41  SCV  
  96  20:43  Siege Tank, Marine  
  96  20:45  Marine x2  
  102  21:08  Marine x3  
  102  21:10  SCV  
  102  21:11  SCV, Marine x2  
  107  21:12  Siege Tank, Marine  
  107  21:13  Marine  
  107  21:15  Siege Tank  
  117  21:28  Marine x2  
  118  21:40  Marine  
  118  21:44  Siege Tank, Marine  
  118  21:46  Medivac x2  
  119  21:48  Siege Tank  
  114  22:09  Marine x2  
  114  22:11  Marine x2  
  118  22:16  Medivac  
  120  22:27  Marine x2  
  120  22:29  Marine  
  121  22:30  Marine  
  122  22:37  Medivac  
  124  22:45  Marine x2  
  124  22:47  Marine  
  125  23:05  Marine x4  
  108  23:06  Medivac  
  108  23:07  Siege Tank, Medivac  
  111  23:22  Marine  
  111  23:23  Marine x3  
  115  23:40  Marine x2  
  115  23:41  Marine x2  
  106  23:58  Marine x3  
  106  23:59  Marine  
  106  24:00  Siege Tank  
  112  24:16  Marine x4  
  59  24:34  Marine x4  
Show
View Real Time Build Order
Export as new Build Order

Bomber Terran - Winner!

Build Orders: Reaper Expand, Bio Tank 

Get SALT Encoding   

  12  0:00  SCV  
  13  0:13  SCV  
  14  0:17  Supply Depot  
  14  0:25  SCV  
  15  0:39  SCV  
  15  0:40  Barracks  
  16  0:45  Refinery  
  16  0:51  SCV  
  17  1:03  SCV  
  18  1:15  SCV  
  19  1:27  Orbital Command  
  19  1:30  Reaper  
  20  1:39  Command Center  
  20  1:49  Supply Depot  
  20  1:54  SCV  
  21  2:01  Marine  
  21  2:06  SCV, Factory  
  23  2:17  Refinery  
  23  2:18  SCV  
  24  2:23  Marine  
  25  2:30  SCV  
  26  2:41  Marine  
  26  2:42  SCV  
  28  2:50  Hellion  
  30  2:51  Starport, Orbital Command  
  30  2:54  SCV  
  31  2:59  Marine  
  32  3:06  SCV, Engineering Bay  
  33  3:15  Hellion  
  33  3:17  Marine  
  33  3:18  SCV  
  37  3:30  SCV, Medivac  
  40  3:40  SCV  
  40  3:43  SCV, Hellion  
  43  3:52  SCV, Supply Depot  
  44  3:55  SCV  
  44  3:57  Barracks Tech Lab  
  45  4:06  Factory Tech Lab  
  45  4:09  Missile Turret x2  
  46  4:11  SCV  
  46  4:12  Missile Turret  
  46  4:14  Viking  
  48  4:19  Stimpack, Marine  
  48  4:22  SCV  
  48  4:23  Supply Depot  
  50  4:30  Barracks  
  50  4:31  SCV  
  50  4:34  SCV  
  50  4:44  Supply Depot, Viking  
  52  4:45  SCV  
  52  4:51  Siege Tank  
  52  4:52  SCV  
  57  4:58  SCV  
  58  5:04  SCV  
  55  5:10  SCV  
  55  5:13  Terran Infantry Weapons Level 1  
  55  5:15  Barracks  
  55  5:16  SCV, Barracks  
  57  5:24  SCV  
  57  5:28  Marine  
  57  5:30  Barracks Reactor  
  57  5:31  Starport Reactor  
  57  5:34  Refinery x2  
  56  5:37  Supply Depot  
  56  5:39  Siege Tank  
  56  6:03  Supply Depot x2  
  56  6:09  SCV x2, Marine  
  59  6:12  Barracks Reactor x2  
  59  6:16  Marine x2  
  61  6:21  SCV  
  61  6:24  SCV, Siege Tank  
  66  6:27  Marine  
  66  6:30  Command Center  
  67  6:33  SCV  
  67  6:35  Combat Shields, Marine x2  
  67  6:36  SCV  
  71  6:45  Medivac x2  
  71  6:46  SCV  
  76  6:47  Supply Depot  
  76  6:48  SCV  
  76  6:51  Supply Depot  
  76  6:52  Marine  
  78  6:57  Supply Depot  
  78  7:09  SCV, Siege Tank, Marine x4  
  78  7:12  Supply Depot  
  78  7:13  SCV, Marine x3  
  78  7:15  Medivac x2  
  94  7:21  SCV  
  95  7:25  SCV  
  95  7:27  Marine x3  
  95  7:29  Marine  
  100  7:30  Terran Infantry Armor Level 1  
  100  7:31  Supply Depot x2  
  100  7:36  Marine x2  
  100  7:37  Missile Turret, Marine  
  102  7:41  Siege Tank  
  106  7:44  Marine x2  
  106  7:48  Marine  
  106  7:49  Marine  
  106  7:51  Orbital Command  
  110  7:53  Missile Turret  
  110  7:57  Marine x3  
  113  8:02  Marine x2  
  115  8:06  Marine  
  115  8:07  Marine  
  115  8:12  Medivac  
  119  8:13  Siege Tank  
  119  8:14  Marine  
  119  8:15  Marine  
  119  8:17  SCV x2  
  119  8:18  Armory  
  119  8:19  SCV  
  127  8:26  Marine  
  121  8:27  Marine  
  121  8:32  SCV x2  
  104  8:34  SCV  
  104  8:39  Marine x3  
  104  8:40  Marine  
  103  8:44  SCV x2  
  103  8:46  SCV  
  103  8:47  Marine x2  
  108  8:49  Siege Tank  
  110  8:56  SCV x2  
  110  8:58  SCV  
  110  9:01  Marine x2  
  110  9:02  Marine  
  116  9:04  Barracks, Starport Reactor  
  116  9:05  Factory  
  116  9:06  Refinery, Barracks  
  116  9:08  SCV  
  117  9:12  Terran Vehicle Weapons Level 1  
  117  9:14  SCV  
  117  9:15  SCV  
  117  9:17  Marine x5  
  119  9:21  SCV, Marine  
  119  9:22  Marine x2  
  128  9:24  Terran Infantry Weapons Level 2  
  128  9:34  Marine  
  128  9:35  Supply Depot  
  128  9:36  Supply Depot  
  128  9:37  Supply Depot  
  132  9:40  Refinery  
  132  9:43  Marine  
  132  9:44  Marine x5  
  132  9:45  Siege Tank, Medivac  
  140  9:51  Marine  
  141  9:55  Barracks Reactor  
  141  9:56  Medivac  
  141  9:58  Marine  
  141  9:59  Sensor Tower  
  145  10:01  Marine x2  
  145  10:03  Marine x2  
  145  10:04  Siege Tank  
  152  10:08  Supply Depot  
  152  10:09  Marine x2  
  152  10:10  Supply Depot x2, Marine  
  152  10:11  Barracks Reactor  
  154  10:16  Marine  
  154  10:17  Siege Tank, Medivac  
  154  10:19  Marine x2  
  162  10:26  Marine x2  
  162  10:27  Marine  
  165  10:29  Marine  
  165  10:33  Supply Depot x2, Marine x4  
  168  10:36  Siege Tank  
  168  10:37  Marine  
  168  10:38  Marine  
  173  10:43  Marine  
  173  10:45  Marine  
  173  10:46  Medivac  
  173  10:47  Medivac  
  173  10:49  Siege Tank  
  182  10:50  Marine  
  182  10:51  Marine  
  184  10:59  Marine x3  
  184  11:00  Marine x3  
  184  11:01  Marine  
  184  11:03  Marine x3  
  191  11:08  Siege Tank, Marine  
  191  11:10  Terran Vehicle Weapons Level 2  
  195  11:17  Marine x3  
  199  11:19  Marine  
  198  11:27  Marine x2  
  198  11:31  Command Center  
  200  11:47  Terran Infantry Armor Level 2  
  200  11:53  Engineering Bay  
  200  12:05  Barracks  
  200  12:07  Barracks  
  200  12:08  Factory  
  200  12:12  Sensor Tower  
  200  12:25  Terran Infantry Weapons Level 3  
  200  12:33  Command Center  
  200  12:49  Siege Tank x2  
  175  12:51  Factory Tech Lab  
  175  12:52  Barracks Reactor  
  175  12:55  Marine  
  175  12:56  Marine x6  
  175  12:57  Barracks Reactor  
  182  13:00  Marine x5  
  187  13:12  Missile Turret  
  187  13:13  Marine x2  
  187  13:15  Siege Tank  
  192  13:21  Siege Tank x2  
  194  13:47  Siege Tank  
  197  13:49  Planetary Fortress  
  197  13:51  Terran Vehicle Weapons Level 3  
  197  13:53  Siege Tank  
  198  14:13  Sensor Tower, Missile Turret x3  
  198  14:15  Siege Tank  
  190  14:20  Siege Tank  
  193  14:35  Siege Tank, Marine  
  193  14:36  Marine x4  
  193  14:37  Planetary Fortress  
  200  14:40  Marine x2  
  200  14:44  Marine  
  200  14:48  Marine  
  195  14:59  Marine  
  182  15:00  Marine x2  
  182  15:01  Marine x3  
  182  15:03  Siege Tank x2, Marine  
  182  15:05  Marine  
  182  15:06  Marine x5  
  200  15:10  Marine  
  193  15:15  Marine x2  
  193  15:17  Siege Tank, Marine  
  193  15:18  Marine x2  
  193  15:19  Marine  
  184  15:26  Marine x4  
  184  15:27  Marine x5  
  165  15:31  Marine  
  165  15:32  Marine  
  165  15:33  Marine, Medivac  
  165  15:35  Siege Tank x2, Marine x2  
  173  15:45  Marine x9  
  182  15:51  Marine x2  
  182  15:56  Siege Tank, Marine  
  188  15:57  Marine x4  
  188  16:02  Marine  
  188  16:04  Marine x3  
  194  16:07  Marine x2  
  194  16:09  Medivac  
  194  16:10  Orbital Command  
  200  16:31  Terran Vehicle And Ship Armor Level 1  
  200  16:43  Orbital Command  
  176  17:02  Siege Tank x3, Marine  
  176  17:03  Marine x14  
  176  17:04  Marine  
  190  17:20  Marine  
  190  17:21  Marine x7  
  190  17:22  Refinery  
  198  17:23  Refinery x2  
  198  17:28  Marine  
  198  17:29  Marine x3  
  199  17:39  Marine  
  198  18:03  Marine  
  198  18:04  Marine  
  197  18:15  Marine x2  
  197  18:16  Marine x3, Orbital Command  
  197  18:26  Marine x3  
  200  18:32  Refinery  
  192  18:45  Siege Tank  
  192  18:46  Siege Tank, Marine x12  
  192  18:47  Marine x4  
  135  18:49  Medivac x2  
  131  18:58  Command Center  
  131  19:02  SCV x2, Refinery x2  
  133  19:03  SCV, Marine  
  133  19:04  Marine x15  
  133  19:09  Siege Tank  
  153  19:14  SCV x2  
  153  19:15  SCV  
  156  19:18  Siege Tank x2  
  156  19:19  Medivac  
  156  19:21  Marine, Medivac  
  156  19:22  Marine x8  
  175  19:26  SCV, Marine x2  
  175  19:27  SCV, Marine x5  
  184  19:39  SCV, Marine  
  184  19:40  Marine x7  
  184  19:44  Marine x2  
  184  19:45  Marine x2  
  171  19:52  Marine  
  156  19:53  Marine  
  156  19:57  Marine x5  
  156  19:58  Marine  
  145  20:02  Marine x4  
  141  20:10  Marine x2  
  141  20:11  SCV  
  144  20:15  Marine x6  
  144  20:19  Marine  
  144  20:20  Marine x3  
  148  20:23  SCV  
  148  20:25  Siege Tank x2  
  148  20:28  Orbital Command, Marine x2  
  154  20:30  Medivac x2  
  154  20:33  Marine x3  
  160  20:35  Marine  
  160  20:39  Marine x3  
  164  20:44  Marine  
  164  20:47  Marine x2  
  163  20:51  Marine x2  
  163  20:53  Marine  
  163  20:58  Marine  
  163  21:00  Siege Tank  
  163  21:02  Siege Tank, Medivac x2  
  172  21:15  Marine x4  
  175  21:18  SCV  
  176  21:29  Barracks x2  
  176  21:30  SCV, Barracks  
  176  21:31  Barracks  
  177  21:33  Siege Tank  
  180  21:43  SCV  
  181  21:47  Marine  
  181  21:48  Marine x3  
  185  21:55  SCV  
  183  22:05  Marine x2  
  183  22:06  Marine x2  
  183  22:07  SCV  
  187  22:14  Siege Tank x2  
  192  22:23  Marine x3  
  192  22:25  SCV  
  192  22:27  Marine  
  186  22:37  Barracks Reactor x3, SCV  
  186  22:38  Barracks Reactor  
  186  22:41  Marine x2  
  188  22:48  Marine  
  188  22:49  Siege Tank  
  188  22:50  Marine, Medivac x2  
  193  22:59  Marine x2  
  182  23:06  Marine  
  182  23:08  Marine  
  182  23:10  Siege Tank  
  187  23:14  Marine  
  187  23:17  Marine x2  
  190  23:20  Viking x2  
  190  23:21  Siege Tank  
  190  23:23  Marine x2  
  190  23:24  Marine  
  199  23:27  Marine  
  199  23:28  Marine  
  199  23:29  Marine  
  199  23:30  Marine x2  
  199  23:31  Marine  
  199  23:32  Missile Turret  
  200  23:40  Marine  
  200  23:41  Marine x2  
  200  23:44  Marine  
  200  24:16  Marine  
  200  24:18  Marine x2  
  200  24:19  Marine x3  
  200  24:20  Marine x2  
  200  24:23  Command Center, Marine x2  
  164  24:24  Marine  
  164  24:25  Marine  
  149  24:34  Marine  
  149  24:36  Marine x3  
  149  24:37  Marine x3  
  149  24:38  Marine  

Tags
 
Add a new tag
Caveats
  • Supply blocks, unpowered buildings, or Contaminate may cause inaccurate times.
  • Supply counts are checked every 10 seconds.